 Dungeon Crawl Stone Soup version 0.18.1-8-gdd0e5ea (webtiles) character file.

3158 crovaxon the Grappler (level 9, -1/64 HPs)
             Began as a Mottled Draconian Transmuter on June 8, 2016.
             Was a Priest of Okawaru.
             Slain by a wyvern (7 damage)
             ... on level 8 of the Dungeon.
             The game lasted 00:43:22 (8444 turns).

crovaxon the Grappler (DrTm)                        Turns: 8444, Time: 00:43:22

Health: -1/64      AC:  2    Str: 13    XL:     9   Next: 62%
Magic:  10/12      EV: 19    Int: 17    God:    Okawaru [***...]
Gold:   279        SH:  0    Dex: 16    Spells: 2 memorised, 8 levels left

rFire  . . .     SeeInvis .       - Unarmed
rCold  . . .     Gourm    .     (armour unavailable)
rNeg   . . .     Faith    .     (shield currently unavailable)
rPois  x         Spirit   .     (helmet currently unavailable)
rElec  .         Dismiss  .     (cloak currently unavailable)
rCorr  .         Reflect  .     (gloves currently unavailable)
SustAt .         Harm     .     (boots currently unavailable)
MR     .....                    (no amulet)
Stlth  ++........               (no ring)
                                (no ring)

@: spider-form, very slightly contaminated, not resistant to hostile
enchantments, unstealthy
A: (breathe sticky flame splash), unfitting armour, (big wings), (cold-blooded),
AC +7
a: End Transformation, Heroism, Renounce Religion


You were on level 8 of the Dungeon.
You worshipped Okawaru.
Okawaru was most pleased with you.
You were hungry.
You were a venomous arachnid creature.
You visited 1 branch of the dungeon, and saw 9 of its levels.

You collected 279 gold pieces.

Inventory:

Hand Weapons
 z - the +6 quarterstaff "Boheit" {antimagic, Dex+6}
   (You found it on level 6 of the Dungeon)

   It disrupts the flow of magical energy around spellcasters and certain
   magical creatures (including the wielder).
   It affects your dexterity (+6).
Missiles
 o - 20 arrows
Armour
 G - a +2 pair of boots (melded)
Jewellery
 q - an uncursed amulet of harm
 I - an uncursed ring of resist corrosion
Wands
 E - a wand of random effects (19/48)
Scrolls
 g - 2 scrolls of remove curse {unknown}
 h - 2 scrolls of noise
 i - a scroll of enchant weapon {unknown}
 l - a scroll of amnesia
 n - a scroll of blinking
 t - a scroll of fear {unknown}
 u - 2 scrolls of enchant armour
 y - a scroll of magic mapping {unknown}
 A - 5 scrolls of teleportation
 F - a scroll of fog {unknown}
Potions
 e - 2 potions of agility
 j - a potion of mutation
 k - 3 potions of flight
 r - a potion of cancellation {unknown}
 s - a potion of cure mutation {unknown}
 v - a potion of degeneration {unknown}
 x - a potion of lignification {unknown}
 B - a potion of magic {unknown}
 D - a potion of resistance {unknown}
Books
 b - a book of Changes

   Spells                             Type                      Level
   a - Beastly Appendage              Transmutation                1
   b - Sticks to Snakes               Transmutation                2
   c - Spider Form                    Transmutation/Poison         3
   d - Ice Form                       Ice/Transmutation            4
   e - Blade Hands                    Transmutation                5
 f - a book of Flames

   Spells                             Type                      Level
   a - Flame Tongue                   Conjuration/Fire             1
   b - Throw Flame                    Conjuration/Fire             2
   c - Conjure Flame                  Conjuration/Fire             3
   d - Inner Flame                    Hexes/Fire                   3
   e - Sticky Flame                   Conjuration/Fire             4
   f - Fireball                       Conjuration/Fire             5
 C - a book of Ice

   Spells                             Type                      Level
   a - Ice Form                       Ice/Transmutation            4
   b - Metabolic Englaciation         Hexes/Ice                    5
   c - Ozocubu's Refrigeration        Ice                          6
   d - Bolt of Cold                   Conjuration/Ice              6
   e - Freezing Cloud                 Conjuration/Ice/Air          6
   f - Simulacrum                     Ice/Necromancy               6
Comestibles
 c - 4 bread rations
 d - 4 meat rations
 w - a slice of pizza
 H - a royal jelly


   Skills:
 - Level 1.1 Fighting
 - Level 2.1 Dodging
 - Level 0.2 Stealth
 - Level 10.0 Unarmed Combat
 - Level 2.2 Spellcasting
 + Level 9.0 Transmutations
 - Level 3.1 Poison Magic


You had 8 spell levels left.
You knew the following spells:

 Your Spells              Type           Power        Failure   Level  Hunger
a - Beastly Appendage     Trmt           ####..       3%          1    #......
b - Spider Form           Trmt/Pois      ###.......   17%         3    ###....


Dungeon Overview and Level Annotations

Branches:
Dungeon (9/15)             Temple (0/1) D:4            Lair (0/8) D:8
    Orc: D:9-12

Altars:
Okawaru
Trog


Innate Abilities, Weirdness & Mutations

((You can spit globs of burning liquid.))
((You can ignite nearby creatures when you spit burning liquid.))
((Your weird mottled scales are hard (AC +7).))
Your body does not fit into most forms of armour.
((You are cold-blooded and may be slowed by cold attacks.))
((Your large and strong wings let you fly indefinitely.))


Message History

The wyvern bites you!
* * * LOW HITPOINT WARNING * * *
The wyvern bites you!
* * * LOW HITPOINT WARNING * * *
Read which item? (? for menu, Esc to quit)
Blink to where?
Press: ? - help, Dir - move target cursor You are very lightly contaminated with residual magic.
As you read the scroll of blinking, it crumbles to dust.
Drink which item? (? for menu, Esc to quit)
You feel better. The wyvern bites you.
* * * LOW HITPOINT WARNING * * *
You bite the wyvern!
The wyvern looks even sicker.
The wyvern is moderately wounded.
The wyvern bites you.
* * * LOW HITPOINT WARNING * * *
You barely miss the wyvern.
The wyvern is moderately wounded.
The wyvern bites you!
You die...

##. #.##.# ##..... #.
#†##.# #...... #.#
#.##.####......
######.###.##........>..
....<...................
#.<....####.######.....
#..##..# #............
#..##..#############.#.
#..##.s..(...........#.
#..##l##############.#.
#######......l.# #<#.
........###.##.#######
#.#.
.##########.#.........
.... .........##l######.
##### #######........#
.## #.###§#..###.# ...##
#.##.###....#


You could see a wyvern.

Vanquished Creatures
  An elephant (D:8)
  A hippogriff (D:7)
  Duvessa (D:4)
  A water moccasin (D:8)
  3 sky beasts
  An ice beast (D:7)
  An orc warrior (D:7)
  3 phantoms (D:4)
  A wolf (D:8)
  4 ogres
  A centaur (D:5)
  A crocodile (D:8)
  4 giant frogs
  Dowan (D:4)
  2 scorpions
  A water moccasin skeleton (D:7)
  A crimson imp (D:5)
  An orc priest (D:7)
  2 giant frog skeletons
  3 hounds
  An orc wizard (D:7)
  3 centaur skeletons (D:4)
  4 iguanas
  4 worker ants
  A hound skeleton (D:7)
  8 gnolls
  5 adders
  An ooze (D:3)
  2 adder skeletons
  3 worms
  2 dart slugs
  8 giant geckos
  8 orcs
  5 giant cockroaches
  8 goblins
  7 hobgoblins
  8 jackals
  7 kobolds
  5 quokkas
  2 ball pythons
  4 bats
  3 giant newts
  A jackal skeleton (D:6)
  6 rats
140 creatures vanquished.

Vanquished Creatures (others)
  A plant (D:8)
1 creature vanquished.

Grand Total: 141 creatures vanquished

Notes
Turn   | Place    | Note
--------------------------------------------------------------
     0 | D:1      | crovaxon the Draconian Transmuter began the quest for the Orb.
     0 | D:1      | Reached XP level 1. HP: 16/16 MP: 3/3
   315 | D:1      | Reached XP level 2. HP: 12/23 MP: 3/5
  1365 | D:2      | Reached XP level 3. HP: 27/28 MP: 4/6
  1370 | D:2      | Learned a level 3 spell: Spider Form
  1611 | D:2      | Reached skill level 1 in Poison Magic
  1969 | D:3      | Found a bloodstained altar of Trog.
  2066 | D:3      | Noticed a sky beast
  2082 | D:3      | Killed a sky beast
  2082 | D:3      | Reached XP level 4. HP: 4/35 MP: 4/7
  2082 | D:3      | Reached XP level 5. HP: 5/40 MP: 4/8
  2903 | D:4      | Reached skill level 4 in Unarmed Combat
  2903 | D:4      | Reached XP level 6. HP: 40/47 MP: 9/9
  3277 | D:4      | Reached skill level 5 in Unarmed Combat
  3559 | D:4      | Found a staircase to the Ecumenical Temple.
  4111 | D:4      | Found a bloodstained altar of Trog.
  4112 | D:4      | Found an iron altar of Okawaru.
  4124 | D:4      | Reached skill level 6 in Unarmed Combat
  4124 | D:4      | Your scales start taking on a weird mottled colour.
  4124 | D:4      | Reached XP level 7. HP: 46/52 MP: 4/10
  4133 | D:4      | Became a worshipper of Warmaster Okawaru
  4168 | D:4      | Noticed Duvessa
  4168 | D:4      | Noticed Dowan
  4176 | D:4      | Killed Duvessa
  4188 | D:4      | Killed Dowan
  4188 | D:4      | Reached skill level 7 in Unarmed Combat
  4456 | D:5      | Entered Level 5 of the Dungeon
  4495 | D:4      | Reached * piety under Okawaru
  4667 | D:5      | Reached skill level 8 in Unarmed Combat
  4667 | D:5      | Reached XP level 8. HP: 52/59 MP: 11/11
  5531 | D:6      | Got a brightly glowing quarterstaff
  5532 | D:6      | Identified the +6 quarterstaff "Boheit" {antimagic, Dex+6} (You found it on level 6 of the Dungeon)
  5535 | D:6      | Gained mutation: Your large and strong wings let you fly indefinitely. [potion of beneficial mutation]
  5544 | D:6      | Reached skill level 9 in Unarmed Combat
  5989 | D:6      | Reached ** piety under Okawaru
  6093 | D:6      | Reached skill level 10 in Unarmed Combat
  6707 | D:7      | Reached skill level 5 in Transmutations
  7117 | D:7      | Reached XP level 9. HP: 23/64 MP: 7/12
  7438 | D:7      | Reached *** piety under Okawaru
  8351 | D:8      | Found a staircase to the Lair.
  8351 | D:8      | Noticed an elephant
  8379 | D:8      | Killed an elephant
  8444 | D:8      | Slain by a wyvern

Skill      XL: |  1  2  3  4  5  6  7  8  9 |
---------------+----------------------------+-----
Dodging        | 2 |  2.1
Poison Magic   | 2 3 |  3.1
Transmutations | 3 4 6 9 |  9.0
Unarmed Combat | 4 6 8 10 | 10.0
Fighting       | |  1.1
Stealth        | |  0.2
Spellcasting   | |  2.2

Action                   |  1- 3 |  4- 6 |  7- 9 || total
-------------------------+-------+-------+-------++-------
Melee: Unarmed           |   161 |   175 |   262 ||   598
       Tailslap          |    14 |    12 |    19 ||    45
       Kick              |     4 |    12 |     6 ||    22
       Headbutt          |     2 |    12 |     8 ||    22
       Punch             |       |     3 |     4 ||     7
 Cast: Beastly Appendage |    15 |    15 |    15 ||    45
       Spider Form       |     7 |     6 |    17 ||    30
Invok: Heroism           |       |       |     1 ||     1
 Abil: Breathe Sticky Fl |       |       |     6 ||     6
  Use: Scroll            |       |     7 |     9 ||    16
       Potion            |       |       |     5 ||     5
 Stab: Sleeping          |     2 |       |       ||     2
  Eat: Fruit             |     2 |     2 |       ||     4
       Chunk             |     4 |     4 |    12 ||    20
       Bread ration      |       |     1 |       ||     1
       Beef jerky        |       |       |     2 ||     2
Armor: Skin              |    35 |    37 |    31 ||   103
Dodge: Dodged            |    74 |   116 |   147 ||   337
